 Dungeon Crawl Stone Soup version 0.31.0-11-ge490571c62 (webtiles) character file.

Game seed: 17337720260126037400

165 qw the Shooter (level 5, 0/26 HPs)
             Began as a Spriggan Hunter on Feb 5, 2024.
             Slain by a quasit (2 damage)
             ... on level 4 of the Dungeon.
             The game lasted 00:02:01 (2442 turns).

qw the Shooter (Spriggan Hunter)                    Turns: 2442, Time: 00:02:02

Health: 0/26       AC:  4    Str:  7      XL:     5   Next: 22%
Magic:  6/6        EV: 18    Int:  7 (10) God:
Gold:   138        SH:  0    Dex: 13 (21) Spells: 4/4 levels left

rFire   . . .        a - +0 shortbow
rCold   . . .        (shield currently unavailable)
rNeg    . . .        c - +0 robe
rPois   .            (helmet restricted)
rElec   .            f - +1 cloak
rCorr   .            (gloves unavailable)
SInv    +            (boots unavailable)
Will    .....        m - amulet of faith
Stlth   ++           (no ring)
HPRegen 0.24/turn    (no ring)
MPRegen 0.10/turn

%: faith
@: very quick
A: very small, no large weapons, unfitting armour, see invisible, speed 3
a: no special abilities


You were on level 4 of the Dungeon.
You visited 1 branch of the dungeon, and saw 4 of its levels.

You collected 138 gold pieces.


Innate Abilities, Weirdness & Mutations

You are very small and have problems with some larger weapons.
You are too small for most types of armour.
You have supernaturally acute eyesight. (SInv)
You cover ground extremely quickly. (Speed+++)


   Skills:
 - Level 2.2 Fighting
 + Level 5.3 Ranged Weapons
 - Level 5.0 Dodging
 - Level 1.5 Stealth


You had 4 spell levels left.
You didn't know any spells.
Your spell library was empty.

Inventory:

Hand Weapons
 a - a +0 shortbow (weapon)
Armour
 c - a +0 robe (worn)
 f - a +1 cloak (worn)
Jewellery
 m - an amulet of faith (around neck)
Wands
 e - a wand of roots (5)
 g - a wand of charming (10)
Potions
 i - 2 potions of curing
 l - a potion of enlightenment {unknown}

Dungeon Overview and Level Annotations

Branches:
Dungeon (4/15)
 Temple: D:4-7

Altars:
Nemelex Xobeh
Vehumet

Shops:
D:2 =


Message History

The quasit barely misses you. The quasit closely misses you.
You shoot an arrow. The arrow closely misses the quasit.
The jackal bites you but does no damage.
The jackal closely misses you.
The quasit bites you but does no damage.
The quasit barely misses you.
The quasit claws you but does no damage.
The jackal misses you.
You shoot an arrow. The arrow barely misses the quasit.
The jackal closely misses you.
The quasit bites you but does no damage.
The quasit claws you but does no damage.
The quasit barely misses you. The jackal barely misses you.
The jackal bites you but does no damage.
The quasit barely misses you.
The quasit claws you but does no damage. x2
The jackal closely misses you.
You shoot an arrow. The arrow barely misses the quasit.
The jackal misses you. The jackal barely misses you.
The quasit bites you but does no damage.
The quasit misses you. The quasit completely misses you. The jackal bites you.
You shoot an arrow. The arrow misses the quasit.
The jackal completely misses you. The quasit barely misses you.
The quasit misses you. The quasit completely misses you. The jackal misses you.
The jackal closely misses you.
The quasit bites you but does no damage.
The quasit claws you but does no damage. x2
You shoot an arrow.
The arrow hits the quasit but does no damage.
The quasit is lightly wounded.
The jackal closely misses you. x2; The quasit closely misses you. x2
The quasit claws you.
You feel clumsy. The jackal closely misses you.
You shoot an arrow. The arrow misses the quasit.
The jackal misses you. The jackal closely misses you.
The quasit bites you but does no damage.
The quasit claws you but does no damage. x2
The jackal bites you. The quasit bites you.
You die...

#...#####...........#
......................
......................
####..................
#..........#........
#.....###..##.......
##....## #.## #...
P..#....## .# #.
......h@# .#
......h%5# .####.....#
##...... #.......
#......... ...#.....~
..##)...#.


You could see a quasit and 2 jackals.

Vanquished Creatures
  2 orc wizards (D:3)
  4 adders
  A shadow imp (D:4)
  An ufetubus (D:4)
  2 dart slugs
  3 ribbon worms
  4 orcs
  4 ball pythons
  5 endoplasms
  4 giant cockroaches
  4 goblins
  3 hobgoblins
  2 jackals (D:4)
  A quokka (D:1)
  A bat (D:3)
  3 frilled lizards
  2 kobolds
  8 rats (D:1)
54 creatures vanquished.

Notes
Turn   | Place    | Note
-------+----------+-------------------------------------------
     0 | D:1      | qw the Spriggan Hunter began the quest for the Orb.
     0 | D:1      | Reached XP level 1. HP: 10/10 MP: 2/2
     0 | D:1      | 0 ||| qw: Version: 0.3-a-160-g6735b56
     0 | D:1      | 0 ||| qw: Game counter: 6400
     0 | D:1      | 0 ||| qw: Melee chars always use a shield: true
     0 | D:1      | 0 ||| qw: God list: Okawaru
     0 | D:1      | 0 ||| qw: Allow faded altars: false
     0 | D:1      | 0 ||| qw: Do Orc after clearing Dungeon:15 true
     0 | D:1      | 0 ||| qw: Do second Lair branch before Depths: true
     0 | D:1      | 0 ||| qw: Lair rune preference: random
     0 | D:1      | 0 ||| qw: Goals: Normal
     0 | D:1      | 0 ||| PLANNING D:1-11
    88 | D:1      | Reached skill level 3 in Dodging
   132 | D:1      | Reached XP level 2. HP: 14/14 MP: 3/3
   716 | D:1      | 716 ||| UPGRADING to amulet of faith.
   721 | D:1      | 721 ||| READING scroll labelled LUOKHL LIAGRUSU.
   748 | D:1      | 748 ||| READING scroll labelled YLEARPHU ATAUCK.
   753 | D:1      | 753 ||| READING scroll labelled NEPTUPN GEEMM.
   754 | D:1      | 754 ||| READING 2 scrolls labelled VIOGEHEFUC.
   754 | D:1      | 754 ||| IDENTIFYING grey potion
   755 | D:1      | 755 ||| READING scroll of identify.
   755 | D:1      | 755 ||| IDENTIFYING green potion
   756 | D:1      | 756 ||| READING scroll labelled ZITAOG TYIN.
   757 | D:1      | 757 ||| DROPPING scroll of butterflies.
   758 | D:1      | 758 ||| DROPPING potion of berserk rage.
   805 | D:2      | Reached XP level 3. HP: 18/18 MP: 4/4
  1027 | D:2      | Found Aklastae's Jewellery Emporium.
  1031 | D:2      | 1031 ||| SHOPLISTING amulet of guardian spirit (420 gold,
                  | have 45).
  1031 | D:2      | 1031 ||| SHOPLISTING ring of ice (350 gold, have 45).
  1031 | D:2      | 1031 ||| SHOPLISTING ring of willpower (350 gold, have 45).
  1345 | D:2      | 1345 ||| READING scroll of identify.
  1345 | D:2      | 1345 ||| IDENTIFYING metallic purple potion
  1346 | D:2      | 1346 ||| READING scroll labelled QUHAUTA ACSA.
  1347 | D:2      | 1347 ||| DRINKING 3 bubbling inky potions.
  1348 | D:2      | 1348 ||| DROPPING 2 potions of degeneration.
  1349 | D:2      | 1349 ||| DROPPING potion of ambrosia.
  1391 | D:3      | 1391 ||| STAIRDANCE
  1427 | D:3      | 1427 ||| STAIRDANCE
  1434 | D:2      | Reached XP level 4. HP: 23/23 MP: 5/5
  1442 | D:3      | HP: 5/23 [orc wizard/puff of flame (7)]
  1443 | D:3      | 1443 ||| READING scroll of teleportation.
  1657 | D:3      | HP: 1/23 [ribbon worm (6)]
  2222 | D:3      | Found a radiant altar of Vehumet.
  2222 | D:3      | Found a sparkling altar of Nemelex Xobeh.
  2230 | D:3      | Reached XP level 5. HP: 26/26 MP: 6/6
  2316 | D:3      | 2316 ||| UPGRADING to +0 cloak.
  2321 | D:3      | 2321 ||| READING 2 scrolls of identify.
  2321 | D:3      | 2321 ||| IDENTIFYING fizzy brown potion
  2322 | D:3      | 2322 ||| READING scroll of identify.
  2322 | D:3      | 2322 ||| IDENTIFYING silvery potion
  2323 | D:3      | 2323 ||| READING scroll labelled MYAFFO GOKOO.
  2323 | D:3      | 2323 ||| ENCHANTING +0 cloak.
  2324 | D:3      | 2324 ||| DRINKING 2 clear potions.
  2325 | D:3      | 2325 ||| DROPPING potion of magic.
  2326 | D:3      | 2326 ||| DROPPING potion of attraction.
  2327 | D:3      | 2327 ||| DROPPING potion of lignification.
  2360 | D:4      | 2360 ||| STAIRDANCE
  2436 | D:4      | HP: 5/26 [quasit (2)]
  2441 | D:4      | HP: 4/26 [quasit (2)]
  2442 | D:4      | Slain by a quasit

Levels and vault maps discovered:
D:1:      evilmike_arrival_crescent, layout_loops_ring, minmay_rat_gold_closets
D:2:      layout_loops_cross, serial_shops, shop
D:3:      layout_loops_ring, nicolae_overflow_two_pavilions, amethyst_killhole
D:4:      layout_layer_cave, serial_demonic, serial_demonic_c, serial_demonic_g,
          serial_demonic_f, serial_demonic_f, serial_demonic_g,
          serial_demonic_f, serial_demonic_f, serial_demonic_a,
          serial_demonic_a, serial_demonic_b,
          amcnicky_mini_rare_corridor_liquid, minmay_misc_feat_encased

Skill      XL: |  1  2  3  4 |
---------------+-------------+-----
Dodging        | 3 4 5 |  5.0
Ranged Weapons | 5 |  5.3
Fighting       | 2 |  2.2
Stealth        | |  1.5

Action                     |  1- 3 |  4- 6 || total
---------------------------+-------+-------++-------
   Fire: Shortbow          |   103 |   104 ||   207
    Use: Scroll            |     8 |     4 ||    12
         Potion            |     1 |     1 ||     2
 Armour: Robe              |     7 |    79 ||    86
  Dodge: Dodged            |    56 |   169 ||   225

Table legend:
 A = Non-vault XP
 B = Vault XP
 C = Vault XP percentage of total XP
 D = Non-vault monster count
 E = Vault monster count
 F = Vault count percentage of total count
                 A         B        C        D         E       F
            +---------+---------+-------+---------+---------+-------
      Total |     210 |      27 |  11.4 |      44 |      10 |  18.5
            +---------+---------+-------+---------+---------+-------
        D:1 |      26 |       8 |  23.5 |      14 |       8 |  36.4
        D:2 |      65 |       0 |   0.0 |      13 |       0 |   0.0
        D:3 |     111 |       0 |   0.0 |      13 |       0 |   0.0
        D:4 |       8 |      19 |  70.4 |       4 |       2 |  33.3
            +---------+---------+-------+---------+---------+-------
